 Dungeon Crawl Stone Soup version 0.27.1-34-g3ba077fa99 (webtiles) character file.

Game seed: 2658392511273782035

45 Delamore the Sneak (level 3, 0/24 HPs)
             Began as an Octopode Brigand on Feb 1, 2022.
             Slain by Crazy Yiuf (6 damage)
             ... on level 2 of the Dungeon.
             The game lasted 00:02:10 (2575 turns).

Delamore the Sneak (Octopode Brigand)               Turns: 2575, Time: 00:02:10

Health: 0/24       AC:  1    Str: 10    XL:     3   Next: 64%
Magic:  3/3        EV: 12    Int: 13    God:
Gold:   31         SH:  0    Dex: 14    Spells: 2/2 levels left

rFire    . . .     SeeInvis .   j - +2 dagger (drain)
rCold    . . .     Faith    .   (no shield)
rNeg     . . .     Spirit   .   (helmet restricted)
rPois    .         Reflect  .   (no amulet)
rElec    .         Harm     .   (no ring)
rCorr    .         Rampage  .   (no ring)
Will     .....                  (no ring)
Stlth    ++++......             (no ring)
HPRegen  0.08/turn              (no ring)
MPRegen  0.08/turn              (no ring)
                                (no ring)
                                (no ring)

@: lethally poisoned (0 -> -19)
A: almost no armour, amphibious, 8 rings, camouflage 1, gelatinous body 1,
(nimble swimmer 1), tentacles
a: no special abilities


You were on level 2 of the Dungeon.
You visited 1 branch of the dungeon, and saw 2 of its levels.

You collected 31 gold pieces.

Inventory:

Hand Weapons
 a - a +2 dagger
 j - a +2 dagger of draining (weapon)
Missiles
 b - 8 poisoned darts (quivered)
 c - 2 curare-tipped darts
Jewellery
 i - a ring of fire
Scrolls
 e - a scroll of holy word
 g - a scroll of enchant armour {unknown}
 h - a scroll of enchant weapon
Potions
 d - a potion of heal wounds {unknown}
 f - a potion of magic {unknown}
 k - a potion of cancellation {unknown}
 l - a potion of might {unknown}
 m - a potion of haste


   Skills:
 - Level 2.0 Fighting
 + Level 2.7 Short Blades
 - Level 2.0 Throwing
 - Level 1.0 Dodging
 * Level 6.7 Stealth


You had 2 spell levels left.
You didn't know any spells.
Your spell library contained the following spells:

 Spells                   Type           Power      Damage    Failure   Level
 Apportation              Tloc           0%         N/A       30%         1
 Ensorcelled Hibernation  Hex/Ice        0%         N/A       43%         2
 Sublimation of Blood     Necr           0%         N/A       43%         2
 Spider Form              Tmut/Pois      0%         N/A       67%         3
 Petrify                  Tmut/Erth      0%         N/A       97%         4
 Alistair's Intoxication  Tmut/Pois      0%         N/A       100%        5
 Irradiate                Conj/Tmut      0%         3d13      100%        5
 Invisibility             Hex            0%         N/A       100%        6
 Shadow Creatures         Summ           N/A        N/A       100%        6


Dungeon Overview and Level Annotations

Branches:
Dungeon (2/15)

Altars:
Okawaru

Shops:
D:1 [

Annotations:
D:2 Crazy Yiuf


Innate Abilities, Weirdness & Mutations

You cannot wear most types of armour.
You are amphibious.
You can wear up to eight rings at the same time.
Your skin changes colour to match your surroundings (Stealth+).
Your rubbery body absorbs attacks. (AC +1, EV +1)
((You are camouflaged near water. (Stealth+)))
You have tentacles for arms and can constrict up to eight enemies at once.


Message History

A goblin is nearby!
The helpless goblin fails to defend itself.
You impale the goblin!!
You kill the goblin!
No target in view!
No target in view!
No target in view!
No target in view!
No target in view!
No target in view!
Things that are here:
a +0 club; a goblin corpse
Found a stone staircase leading down.
There is a stone staircase leading down here.
There is a stone staircase leading up here.
You see here a +0 long sword.
There is an open door here.
There is an open door here.
You see here a +0 whip of venom.
Crazy Yiuf shouts!
Could not explore, unopened runed door.
Could not explore, unopened runed door.
You open the door.
Crazy Yiuf grits, "Cod!
Papa eyeball spinner."
Crazy Yiuf drinks a potion.
Crazy Yiuf seems to speed up.
Crazy Yiuf screams, "Ice senile hand!"
You barely miss Crazy Yiuf. Your grab misses Crazy Yiuf.
Crazy Yiuf completely misses you.
You barely miss Crazy Yiuf. You grab Crazy Yiuf.
You constrict Crazy Yiuf, but do no damage.
Crazy Yiuf hits you with a +4 quarterstaff of chaos!
You are lethally poisoned!
You hit Crazy Yiuf. You drain Crazy Yiuf.
Crazy Yiuf is moderately wounded.
You constrict Crazy Yiuf, but do no damage.
You feel very sick.
Crazy Yiuf hits you with a +4 quarterstaff of chaos.
* * * LOW HITPOINT WARNING * * *
Crazy Yiuf hits you with a +4 quarterstaff of chaos.
You die...

##...#.##.........##
##.##.###.......##
####.# ##.....## #.#
##...## ### ##'## #.#
♣♣♣♣♣####.# ###
♣♣♣.♣..#.##.##
#...#♣@.♣.P.......##
#...'g♣♣♣♣P........####
#)..#♣♣ ♣♣P#..#.......
### ♣♣####..#...(
#....### #..### #
###############).# #
#................#####
########..............


You could see Crazy Yiuf (fast, drained).

Vanquished Creatures
  2 worms (D:2)
  5 bats
  6 endoplasms
  A giant cockroach (D:2)
  4 goblins
  A hobgoblin (D:2)
  4 kobolds
  3 quokkas
  4 ball pythons
  7 rats
37 creatures vanquished.

Notes
Turn   | Place    | Note
-------+----------+-------------------------------------------
     0 | D:1      | Delamore the Octopode Brigand began the quest for the Orb.
     0 | D:1      | Reached XP level 1. HP: 14/14 MP: 1/1
   314 | D:1      | Found Giyset's Antique Armour Boutique.
   431 | D:1      | Reached XP level 2. HP: 19/19 MP: 2/2
   650 | D:1      | Reached skill level 6 in Stealth
   654 | D:1      | Found an iron altar of Okawaru.
  1422 | D:2      | Reached XP level 3. HP: 24/24 MP: 3/3
  2292 | D:2      | Found a runed translucent door.
  2293 | D:2      | Noticed Crazy Yiuf
  2575 | D:2      | Slain by Crazy Yiuf

Illustrated notes

Levels and vault maps discovered:
D:1:      shiori_arrival_elements, layout_loops_cross, serial_shops,
          nicolae_shop_overgrown_old_shop, minmay_crystal_water,
          chequers_hall_statues_wall_a, minmay_hexomino_r4
D:2:      layout_loops_corners, uniq_crazy_yiuf_cottage

Skill      XL: |  1  2 |
---------------+-------+-----
Stealth        | 6 |  6.7
Fighting       | |  2.0
Short Blades   | |  2.7
Throwing       | |  2.0
Dodging        | |  1.0

Action                   || total
-------------------------++-------
Melee: Dagger            ||    40
       Constrict         ||    13
       Whip              ||    24
       Tentacles         ||     4
  Use: Scroll            ||     2
 Stab: Sleeping          ||    18
       Distracted        ||     1
Armor: Skin              ||     2
Dodge: Dodged            ||    19
